 Dungeon Crawl Stone Soup version 0.18.1-8-gdd0e5ea (webtiles) character file.

415 sveltemanboy the Poker (level 6, 0/51 HPs)
             Began as a Hill Orc Fighter on May 26, 2016.
             Was an Initiate of Beogh.
             Succumbed to a scorpion's poison
             ... on level 4 of the Dungeon.
             The game lasted 00:08:14 (3888 turns).

sveltemanboy the Poker (Hill Orc Fighter)           Turns: 3888, Time: 00:08:15

Health: 0/51       AC: 11    Str: 21    XL:     6   Next: 92%
Magic:  6/6        EV:  7    Int:  8    God:    Beogh [......]
Gold:   229        SH:  0    Dex: 10    Spells: 0 memorised, 5 levels left

rFire  . . .     SeeInvis +     a - +1 trident
rCold  . . .     Gourm    .     b - +0 scale mail
rNeg   . . .     Faith    .     (no shield)
rPois  .         Spirit   .     d - +0 helmet {SInv}
rElec  .         Dismiss  .     (no cloak)
rCorr  .         Reflect  .     o - +0 pair of gloves
SustAt .         Harm     .     l - +0 pair of boots
MR     .....                    (no amulet)
Stlth  ..........               (no ring)
                                p - -3 ring of evasion (curse)

@: lethally poisoned (0 -> -5), not resistant to hostile enchantments, extremely
unstealthy
A: no striking features
a: Renounce Religion


You were on level 4 of the Dungeon.
You worshipped Beogh.
Beogh was noncommittal.
You were hungry.

You visited 1 branch of the dungeon, and saw 4 of its levels.

You collected 229 gold pieces.

Inventory:

Hand Weapons
 a - a +1 trident (weapon)
Armour
 b - a +0 scale mail (worn)
 d - a +0 helmet of see invisible (worn)
 l - a +0 pair of boots (worn)
 o - a +0 pair of gloves (worn)
Jewellery
 p - a cursed -3 ring of evasion (left hand)
Scrolls
 c - 2 scrolls of identify
 j - 3 scrolls of teleportation
Comestibles
 f - 5 bread rations
 g - 4 chunks of flesh
 h - a slice of pizza
 i - a royal jelly
 n - a meat ration


   Skills:
 - Level 3.6 Fighting
 * Level 5.5 Polearms
 + Level 5.0 Armour
 + Level 2.7 Dodging
   Level 3.2 Shields


You had 5 spell levels left.
You didn't know any spells.

Dungeon Overview and Level Annotations

Branches:
Dungeon (4/15)
 Temple: D:4-7

Altars:
Elyvilon
Nemelex Xobeh


Message History

You feel sick.
The scorpion stings you but does no damage.
You hit the scorpion.
You kill the scorpion!
Beogh accepts your kill.
Your Armour skill increases to level 5!
You feel your dexterity returning.
* * * LOW HITPOINT WARNING * * *
You feel sick.
You aren't carrying any potions.
There is a lethal amount of poison in your body!
Read which item? (? for menu, Esc to quit)
Okay, then.
* * * LOW HITPOINT WARNING * * *
You feel sick.
* * * LOW HITPOINT WARNING * * *
You feel sick.
* * * LOW HITPOINT WARNING * * *
You feel sick.
You die...

##............#
.#............#
>.............#
..............##
...............#
..#............# .
###..........# .
###........#####.>..
###.......@....#
##...#########
#..### #..## #..#
#.# ..


There were no monsters in sight!

Vanquished Creatures
  A centaur (D:3)
  A scorpion (D:4)
  2 worker ants (D:4)
  Robin (D:2)
  10 adders
  2 worms
  2 dart slugs
  3 giant geckos
  11 orcs
  A ball python (D:4)
  8 giant cockroaches
  15 goblins
  12 hobgoblins
  11 jackals
  15 kobolds
  A quokka (D:2)
  7 bats
  4 giant newts
  11 rats
  A fungus (D:1)
119 creatures vanquished.

Vanquished Creatures (others)
  An orc wizard (D:4)
  An ooze (D:4)
  A plant (D:2)
3 creatures vanquished.

Grand Total: 122 creatures vanquished

Notes
Turn   | Place    | Note
--------------------------------------------------------------
     0 | D:1      | sveltemanboy the Hill Orc Fighter began the quest for the Orb.
     0 | D:1      | Reached XP level 1. HP: 19/19 MP: 1/1
   128 | D:1      | Reached XP level 2. HP: 19/26 MP: 2/2
   501 | D:1      | Reached skill level 1 in Dodging
   738 | D:1      | Reached XP level 3. HP: 31/31 MP: 3/3
  1145 | D:2      | Noticed Robin
  1172 | D:2      | Killed Robin
  1177 | D:2      | Reached XP level 4. HP: 5/39 MP: 4/4
  1938 | D:2      | Found a sparkling altar of Nemelex Xobeh.
  2031 | D:2      | Reached XP level 5. HP: 45/45 MP: 5/5
  2367 | D:3      | Found a white marble altar of Elyvilon.
  3214 | D:3      | Noticed a centaur
  3228 | D:3      | Killed a centaur
  3228 | D:3      | Reached skill level 5 in Polearms
  3228 | D:3      | Reached XP level 6. HP: 19/51 MP: 6/6
  3721 | D:4      | Became a worshipper of Beogh the Brigand
  3883 | D:4      | Reached skill level 5 in Armour
  3885 | D:4      | HP: 2/51 [poisoned by a scorpion]
  3888 | D:4      | Succumbed to a scorpion's poison

Skill      XL: |  1  2  3  4  5  6 |
---------------+-------------------+-----
Dodging        | 1 2 |  2.7
Polearms       | 3 5 |  5.5
Armour         | 4 5 |  5.0
Fighting       | |  3.6
Shields        | |  3.2

Action                   |  1- 3 |  4- 6 || total
-------------------------+-------+-------++-------
Melee: Trident           |   143 |   384 ||   527
Invok: Convert to Beogh  |       |     1 ||     1
  Use: Potion            |     3 |     1 ||     4
       Scroll            |       |     5 ||     5
  Eat: Chunk             |       |    10 ||    10
Armor: Scale mail        |    66 |   204 ||   270
Dodge: Dodged            |    76 |   185 ||   261
